AoeStats
← fc_sniper2002

Socotra

505450139Analyzed
4v4 RM · 22d ago on Sep 9, 2026· 61m 29s· 8 players
Game mode
Random Map
Map size
148×148
Population
200
Speed
Normal
Resources
Standard
Victory
Conquest
Starting age
Dark Age
Ending age
Imperial Age
RankedLock teamsTeams togetherTeam positionsShared explorationLock speedFull tech treeHidden civsTurbo modeCheats
Victory
Defeat
🇻🇳 Huns · Vietnam
694
+13
🇧🇴 Bengalis · Bolivia
694
+24
🇸🇬 Huns · Singapore
655
+15
🇺🇸 Franks · United States
495
+21
🇺🇸 Britons · United States
639
-16
🇯🇵 Vikings · Japan
634
-16
🇨🇿 Teutons · Czechia
630
-16
🇧🇪 Spanish · Belgium
595
-14
fc_sniper2002
13:30 Feudal Age
14:07 Horse Collar
14:14 Double-Bit Axe
16:57 Stone Mining
22:51 Wheelbarrow
23:58 Bloodlines
24:15 Loom
26:04 Forging
32:28 Castle Age
32:35 Padded Archer Armor
32:36 Scale Mail Armor
32:41 Scale Barding Armor
32:27 Fletching
34:03 Light Cavalry
34:05 Elite Skirmisher
34:07 Pikeman
34:50 Heavy Plow
35:03 Bow Saw
34:58 Caravan
35:39 Fortified Wall
36:22 Guard Tower
36:45 Husbandry
38:15 Thumb Ring
40:00 Coinage
43:39 Ballistics
43:31 Masonry
51:01 Imperial Age
52:47 Chemistry
51:33 Arrowslits
52:24 Keep
52:35 Hand Cart
55:46 Bombard Tower
jacklaughlinstudios
13:45 Feudal Age
19:32 Castle Age
19:22 Fletching
23:25 Bodkin Arrow
23:31 Padded Archer Armor
22:57 Crossbowman
24:31 Double-Bit Axe
24:33 Horse Collar
25:40 Bow Saw
33:01 Caravan
35:24 Leather Archer Armor
36:09 Gold Mining
36:10 Stone Mining
39:41 Yeomen
40:02 Wheelbarrow
39:13 Town Watch
41:58 Coinage
41:29 Caravan
45:59 Imperial Age
43:19 Loom
45:23 Ballistics
45:16 Masonry
45:02 Murder Holes
44:48 Treadmill Crane
45:25 Fortified Wall
44:59 Pikeman
48:50 Chemistry
48:02 Fortified Wall
48:23 Architecture
51:16 Bracer
51:46 Ring Archer Armor
51:39 Conscription
51:20 Warwolf
56:21 Elite Skirmisher
zibo4074
0:48 Loom
11:44 Feudal Age
店長
2:37 Loom
11:22 Feudal Age
12:05 Man-at-Arms
14:33 Scale Mail Armor
20:23 Forging
20:09 Horse Collar
22:48 Castle Age
21:25 Fletching
23:15 Double-Bit Axe
23:03 Pikeman
23:52 Long Swordsman
25:47 Gambesons
26:30 Bow Saw
26:36 Squires
26:22 Arson
30:21 Chain Mail Armor
33:15 Heavy Plow
39:55 Imperial Age
38:16 Iron Casting
37:37 Bodkin Arrow
37:42 Padded Archer Armor
38:25 Ballistics
38:18 Town Watch
40:02 Two-Handed Swordsman
41:48 Blast Furnace
41:19 Plate Mail Armor
40:31 Capped Ram
41:08 Champion
41:51 Bracer
43:46 Two-Man Saw
51:42 Conscription
52:37 Elite Skirmisher
55:59 Chemistry
55:19 Leather Archer Armor
58:38 Ring Archer Armor
xCRAMxI3E4VE
11:18 Feudal Age
12:03 Double-Bit Axe
20:02 Scale Barding Armor
20:08 Forging
20:03 Fletching
20:14 Padded Archer Armor
25:41 Castle Age
26:47 Elite Skirmisher
26:50 Crossbowman
31:31 Husbandry
34:13 Wheelbarrow
34:18 Light Cavalry
35:36 Hand Cart
42:16 Imperial Age
41:06 Caravan
41:52 Iron Casting
41:47 Chain Barding Armor
42:42 Bodkin Arrow
43:04 Leather Archer Armor
42:18 Cavalier
44:02 Conscription
44:46 Plate Barding Armor
45:12 Blast Furnace
46:29 Paladin
59:59 Capped Ram
Soldaris
1:51 Loom
11:59 Feudal Age
12:27 Double-Bit Axe
13:20 Wheelbarrow
13:19 Horse Collar
14:25 Gold Mining
16:34 Fletching
18:21 Stone Mining
21:37 Castle Age
22:33 Bow Saw
22:25 Heavy Plow
23:36 Gold Shaft Mining
23:50 Hand Cart
31:27 Caravan
35:17 Imperial Age
33:41 Murder Holes
33:43 Bodkin Arrow
36:30 Conscription
36:14 Bracer
36:25 Forging
36:21 Scale Barding Armor
36:16 Town Watch
37:38 Two-Man Saw
39:27 Iron Casting
39:13 Chain Barding Armor
38:17 Elite Tarkan
40:54 Bloodlines
40:45 Husbandry
40:54 Marauders
44:14 Blast Furnace
43:50 Plate Barding Armor
43:16 Scale Mail Armor
45:02 Parthian Tactics
43:57 Heavy Cavalry Archer
46:33 Chemistry
46:31 Thumb Ring
47:50 Crossbowman
huutrong1711
0:32 Loom
10:38 Feudal Age
22:32 Castle Age
22:07 Stone Mining
22:09 Gold Mining
22:43 Forging
23:46 Double-Bit Axe
23:44 Horse Collar
26:21 Heavy Plow
35:15 Iron Casting
34:57 Bow Saw
37:41 Imperial Age
35:44 Ballistics
35:19 Murder Holes
35:28 Scale Mail Armor
35:34 Scale Barding Armor
37:38 Wheelbarrow
36:49 Town Watch
38:13 Bloodlines
38:07 Husbandry
37:29 Light Cavalry
40:06 Blast Furnace
40:08 Chemistry
39:16 Marauders
38:49 Sappers
39:40 Conscription
40:03 Atheism
39:16 Cavalier
39:34 Sappers
41:12 Hand Cart
41:05 Town Patrol
42:13 Two-Man Saw
42:49 Chain Mail Armor
42:55 Chain Barding Armor
42:36 Padded Archer Armor
42:27 Fletching
43:18 Coinage
45:28 Parthian Tactics
48:23 Hussar
48:36 Paladin
50:21 Heavy Cavalry Archer
52:38 Plate Barding Armor
52:19 Leather Archer Armor
51:59 Bodkin Arrow
54:09 Conscription
58:11 Elite Tarkan
59:36 Caravan
MAUTHOXIC
14:24 Loom
17:16 Feudal Age
23:23 Wheelbarrow
24:29 Man-at-Arms
30:43 Castle Age
30:49 Castle Age
30:22 Forging
30:12 Scale Mail Armor
30:19 Scale Barding Armor
34:29 Squires
33:51 Long Swordsman
34:17 Arson
35:31 Stone Mining
37:36 Gold Mining
38:19 Hand Cart
38:35 Pikeman
39:10 Gambesons
42:06 Caravan
42:37 Coinage
43:49 Padded Archer Armor
43:43 Fletching
46:27 Imperial Age
55:48 Town Watch
56:25 Horse Collar
58:29 Husbandry
60:11 Town Patrol
61:12 Chain Barding Armor
Connection lost

Rejoining the realm…

Still unreachable

The connection could not be restored.

Session expired

The server has moved on; the page needs a fresh start.